 Dungeon Crawl Stone Soup version 0.20-a0-893-g832831a (webtiles) character file.

3833 nikopol the Thaumaturge (level 9, -1/45 HPs)
             Began as a Deep Elf Fire Elementalist on Mar 17, 2017.
             Slain by a hippogriff (7 damage)
             ... on level 8 of the Dungeon.
             The game lasted 00:52:04 (9929 turns).

nikopol the Thaumaturge (DEFE)                      Turns: 9929, Time: 00:52:05

Health: -1/45      AC:  5    Str:  5    XL:     9   Next: 98%
Magic:  16/25      EV: 17    Int: 24    God:
Gold:   271        SH:  0    Dex: 18    Spells: 18/29 levels left

rFire    . . .     SeeInvis .   h - +0 short sword (protect)
rCold    . . .     Gourm    .   a - +0 robe
rNeg     . . .     Faith    .   (no shield)
rPois    .         Spirit   .   w - +1 hat
rElec    .         Reflect  .   x - +0 cloak
rCorr    .         Harm     .   p - +0 pair of gloves
MR       .....                  (no boots)
Stlth    +++.......             (no amulet)
Regen    0.2/turn               F - ring of stealth
MPRegen  0.2/turn               l - +3 ring of dexterity

@: no status effects
A: no striking features
a: no special abilities


You were on level 8 of the Dungeon.
You were very hungry.

You visited 1 branch of the dungeon, and saw 8 of its levels.

You collected 271 gold pieces.

Inventory:

Hand Weapons
 h - a +0 short sword of protection (weapon)
Armour
 a - a +0 robe (worn)
 p - a +0 pair of gloves (worn)
 w - a +1 hat (worn)
 x - a +0 cloak (worn)
Jewellery
 l - a +3 ring of dexterity (left hand)
 o - an uncursed ring of wizardry {unknown}
 v - an uncursed ring of flight
 F - a ring of stealth (right hand)
Wands
 s - a wand of random effects (21/48)
 E - a wand of disintegration (15/24)
 G - a wand of digging (22/24)
Scrolls
 d - 2 scrolls of remove curse {unknown}
 e - a scroll of noise {unknown}
 g - a scroll of enchant weapon {unknown}
 m - a scroll of amnesia {unknown}
 q - 2 scrolls of blinking {unknown}
 y - 4 scrolls of fear {unknown}
 z - 2 scrolls of teleportation {unknown}
 D - a scroll of fog {unknown}
 I - a scroll of recharging {unknown}
 J - 2 scrolls of magic mapping {unknown}
 K - a scroll of enchant armour {unknown}
 M - 2 scrolls of identify
Potions
 f - a potion of resistance
 i - 5 potions of curing
 j - a potion of might {unknown}
 k - 3 potions of lignification
 n - a potion of heal wounds {unknown}
 u - 2 potions of brilliance
 B - a potion of agility {unknown}
 C - a potion of degeneration {unknown}
 L - a potion of flight {unknown}
Books
 b - a book of Flames

   Spells                             Type                      Level
   a - Flame Tongue                   Conjuration/Fire             1
   b - Throw Flame                    Conjuration/Fire             2
   c - Conjure Flame                  Conjuration/Fire             3
   d - Inner Flame                    Hexes/Fire                   3
   e - Sticky Flame                   Conjuration/Fire             4
   f - Fireball                       Conjuration/Fire             5
Comestibles
 c - 5 bread rations
 r - 4 fruits
 t - 13 royal jellies
 A - 3 meat rations
 H - 5 chunks of flesh


   Skills:
 + Level 7.0 Dodging
 - Level 2.8 Stealth
 * Level 10.6 Spellcasting
 * Level 8.2 Conjurations
 * Level 8.9 Fire Magic


You had 18 spell levels left.
You knew the following spells:

 Your Spells              Type           Power        Failure   Level  Hunger
a - Flame Tongue          Conj/Fire      #####        1%          1    None
b - Throw Flame           Conj/Fire      ######       1%          2    None
c - Conjure Flame         Conj/Fire      ######..     1%          3    None
d - Fireball              Conj/Fire      ######....   4%          5    ####...


Dungeon Overview and Level Annotations

Branches:
Dungeon (8/15)             Temple (0/1) D:6
   Lair: D:8-11

Altars:
Ashenzari
Cheibriados
Elyvilon
Trog
Uskayaw
The Shining One


Message History

Casting: Flame Tongue
Confirm with . or Enter, or press ? or * to list all spells.
Aiming: Flame Tongue
Press: ? - help, Shift-Dir - straight line, f/p - hippogriff
Aim: a hippogriff (almost dead)
The flame tongue hits the hippogriff.
The hippogriff is almost dead.
The hippogriff misses you. The hippogriff closely misses you.
The hippogriff misses you.
Casting: Flame Tongue
Confirm with . or Enter, or press ? or * to list all spells.
Aiming: Flame Tongue
Press: ? - help, Shift-Dir - straight line, f/p - hippogriff
Aim: a hippogriff (almost dead)
The flame tongue misses the hippogriff.
The flame tongue hits the hippogriff.
The hippogriff is heavily wounded.
The hippogriff bites you!
* * * LOW HITPOINT WARNING * * *
The hippogriff pecks you!
You die...

######.....#.....#
.....'.....#..)..#
.....#.....#.....#
.....#.....#.....#
.....#...≈#####..#
##..##..≈#######.#
#####....#...###.#
....#...≈'.#.'.#)#
....#....#...###@#
....'...≈##### #H#
....#....≈######H#
....#......#....5#
....#......#.....#
....#......#.....#
'####......#.....#
......######.....#
......#....#.....#


You could see 2 hippogriffs and a crimson imp.

Vanquished Creatures
  A wyvern (D:8)
  A wraith (D:8)
  Menkaure (D:7)
  2 ice beasts (D:6)
  A black bear (D:8)
  3 sky beasts (D:7)
  4 ogres
  2 centaurs
  2 big kobolds (D:7)
  4 bullfrogs
  A scorpion (D:4)
  12 killer bees (D:7)
  5 wights (D:6)
  3 howler monkeys (D:8)
  3 bullfrog zombies
  3 jellies (D:8)
  2 orc priests
  2 hounds
  An iguana (D:4)
  3 orc wizards
  Crazy Yiuf (D:3)
  A centaur skeleton (D:5)
  A gnoll shaman (D:6)
  6 worker ants
  Terence (D:1)
  3 hound skeletons
  2 worker ant zombies (D:7)
  7 gnolls (D:6)
  A howler monkey skeleton (D:8)
  10 adders
  5 shadow imps
  7 oozes
  An adder zombie (D:5)
  2 adder skeletons
  5 worms
  3 dart slugs
  4 leopard geckos
  14 orcs
  5 giant cockroaches
  7 goblins
  5 hobgoblins
  6 jackals
  A quokka (D:7)
  A ball python (D:1)
  3 bats
  8 frilled lizards
  20 kobolds
  A quokka zombie (D:7)
  5 rats
192 creatures vanquished.

Vanquished Creatures (others)
  A scorpion (D:6)
  4 gnolls (D:6)
5 creatures vanquished.

Grand Total: 197 creatures vanquished

Notes
Turn   | Place    | Note
-------+----------+-------------------------------------------
     0 | D:1      | nikopol the Deep Elf Fire Elementalist began the quest for the Orb.
     0 | D:1      | Reached XP level 1. HP: 10/10 MP: 6/6
   218 | D:1      | Reached XP level 2. HP: 15/15 MP: 4/8
   722 | D:2      | Found a bloodstained altar of Trog.
   729 | D:2      | Learned a level 2 spell: Throw Flame
   737 | D:2      | Noticed Terence
   808 | D:1      | Killed Terence
   808 | D:1      | Reached XP level 3. HP: 13/19 MP: 1/10
  1168 | D:2      | Reached XP level 4. HP: 18/24 MP: 6/11
  1274 | D:2      | Reached skill level 4 in Spellcasting
  1431 | D:2      | Learned a level 3 spell: Conjure Flame
  1840 | D:3      | Found a white marble altar of Elyvilon.
  1988 | D:3      | Reached XP level 5. HP: 27/28 MP: 10/13
  2361 | D:3      | Found a runed door.
  2365 | D:3      | Noticed Crazy Yiuf
  2373 | D:3      | Killed Crazy Yiuf
  2550 | D:3      | Found a glowing golden altar of the Shining One.
  2580 | D:4      | Reached skill level 5 in Spellcasting
  2653 | D:4      | Reached XP level 6. HP: 32/32 MP: 3/15
  2794 | D:4      | Found a shattered altar of Ashenzari.
  3280 | D:5      | Entered Level 5 of the Dungeon
  3979 | D:5      | Reached skill level 6 in Spellcasting
  3979 | D:5      | Reached skill level 5 in Fire Magic
  4027 | D:5      | Reached XP level 7. HP: 31/36 MP: 12/18
  4484 | D:5      | Learned a level 5 spell: Fireball
  4784 | D:6      | Reached skill level 7 in Spellcasting
  4793 | D:6      | Reached skill level 5 in Conjurations
  4920 | D:6      | Reached skill level 5 in Dodging
  4946 | D:6      | Found a staircase to the Ecumenical Temple.
  4967 | D:6      | Reached XP level 8. HP: 41/41 MP: 16/21
  5872 | D:7      | Reached skill level 8 in Spellcasting
  6510 | D:7      | Noticed Menkaure
  6517 | D:7      | Killed Menkaure
  6607 | D:7      | Reached skill level 9 in Spellcasting
  6607 | D:7      | Reached XP level 9. HP: 45/45 MP: 8/24
  7976 | D:6      | Reached skill level 10 in Spellcasting
  8377 | D:8      | Noticed a hand axe
  8378 | D:8      | Found a hide-covered altar of Uskayaw.
  8378 | D:8      | Noticed a hand axe
  9638 | D:8      | Found a snail-covered altar of Cheibriados.
  9929 | D:8      | Slain by a hippogriff

Vault maps used:
D:1:      saegor_arrival_simple_e
D:2:      lemuel_crystal_altar, first_bread, uniq_terence
D:3:      lemuel_crystal_altar, hangedman_decor_peaks_small, minivault_26,
          tso_altar, uniq_crazy_yiuf_cottage
D:4:      overflow_temple_1_default, serial_glass, glass_columns_b,
          glass_columns_b
D:6:      minmay_temple_entry_large_hall, lemuel_flamethrower_2
D:7:      uniq_menkaure
D:8:      dancing_weapons_uskayaw, hangedman_little_slice_of_home,
          cheibrodos_worm_habitat

Skill      XL: |  1  2  3  4  5  6  7  8  9 |
---------------+----------------------------+-----
Dodging        | 3 4 5 7 |  7.0
Conjurations   | 2 3 4 5 6 8 |  8.2
Spellcasting   | 4 5 6 7 9 10 | 10.6
Fire Magic     | 4 5 7 8 |  8.9
Stealth        | |  2.8

Action                   |  1- 3 |  4- 6 |  7- 9 || total
-------------------------+-------+-------+-------++-------
Melee: Short sword       |     1 |       |   110 ||   111
 Cast: Flame Tongue      |    63 |   135 |   248 ||   446
       Conjure Flame     |       |     3 |     8 ||    11
       Throw Flame       |       |     3 |    28 ||    31
       Fireball          |       |       |    17 ||    17
  Use: Scroll            |       |       |     8 ||     8
  Eat: Chunk             |     1 |     8 |    15 ||    24
       Fruit             |       |       |     4 ||     4
       Royal jelly       |       |       |     1 ||     1
Armor: Robe              |     2 |     7 |    49 ||    58
Dodge: Dodged            |    14 |    26 |   182 ||   222
